 Dungeon Crawl Stone Soup version 0.26.0-16-gc1dbca0489 (webtiles) character file.

Game seed: 10658596912102563056

84 thiole the Sneak (level 4, -3/27 HPs)
             Began as an Octopode Hedge Wizard on Jan 20, 2021.
             Slain by Natasha (10 damage)
             ... on level 2 of the Dungeon.
             The game lasted 00:02:41 (2136 turns).

thiole the Sneak (Octopode Hedge Wizard)            Turns: 2136, Time: 00:02:42

Health: -3/27      AC:  1    Str:  9    XL:     4   Next: 46%
Magic:  5/9        EV: 13    Int: 17    God:
Gold:   77         SH:  0    Dex: 11    Spells: 4/10 levels left

rFire    . . .     SeeInvis .   a - +0 dagger
rCold    . . .     Faith    .   (no shield)
rNeg     . . .     Spirit   .   b - +0 hat
rPois    .         Reflect  .   (no amulet)
rElec    .         Harm     .   (no ring)
rCorr    .         Rampage  .   (no ring)
Will     .....                  (no ring)
Stlth    +++.......             (no ring)
HPRegen  0.09/turn              (no ring)
MPRegen  0.11/turn              (no ring)
                                (no ring)
                                (no ring)

@: slowed, very slow
A: almost no armour, stealthy swim, amphibious, 8 rings, constrict 8, camouflage
1, gelatinous body 1
a: no special abilities


You were on level 2 of the Dungeon.
You visited 1 branch of the dungeon, and saw 2 of its levels.

You collected 77 gold pieces.

Inventory:

Hand Weapons
 a - a +0 dagger (weapon)
 g - a cursed -1 dagger
Armour
 b - a +0 hat (worn)
 r - a +0 buckler
Wands
 q - a wand of iceblast (3)
Scrolls
 d - 2 scrolls of identify {unknown}
 e - 3 scrolls of remove curse {unknown}
 f - a scroll of blinking {unknown}
 h - a scroll of teleportation {unknown}
 i - a scroll of fog {unknown}
 l - a scroll of fear {unknown}
 m - a scroll of random uselessness {unknown}
 n - 2 scrolls of enchant weapon {unknown}
Potions
 c - a potion of might {unknown}
 j - a potion of heal wounds {unknown}
 k - a potion of degeneration {unknown}
 o - a potion of mutation {unknown}
 p - a potion of lignification {unknown}


   Skills:
 - Level 2.0 Dodging
 + Level 3.8 Stealth
 + Level 3.5 Spellcasting
 - Level 2.0 Conjurations
 - Level 2.0 Summonings
 - Level 1.0 Translocations
 + Level 1.1 Air Magic


You had 4 spell levels left.
You knew the following spells:

 Your Spells              Type           Power        Failure   Level
a - Magic Dart            Conj           36%          8%          1
b - Call Imp              Summ           9%           11%         2
c - Mephitic Cloud        Conj/Pois/Air  6%           32%         3

Your spell library contained the following spells:

 Spells                   Type           Power        Failure   Level
 Blink                    Tloc           N/A          17%         2
 Slow                     Hex            3%           26%         2
 Conjure Flame            Conj/Fire      6%           32%         3


Dungeon Overview and Level Annotations

Branches:
Dungeon (2/15)

Altars:
Uskayaw

Annotations:
D:2 1 runed translucent door, Crazy Yiuf, Natasha


Innate Abilities, Weirdness & Mutations

You cannot wear most types of armour.
You are very stealthy in the water. (Stealth+)
You are amphibious.
You can wear up to eight rings at the same time.
You can use your tentacles to constrict eight enemies at once.
Your skin changes colour to match your surroundings (Stealth+).
Your rubbery body absorbs attacks. (AC +1, EV +1)


Message History

The crimson imp hits your crimson imp.
The crimson imp misses your crimson imp.
The crimson imp closely misses your crimson imp.
Your magical contamination has completely faded away.
Natasha hisses angrily.
Natasha casts a spell at you. The magic dart hits you!
The crimson imp disappears in a puff of smoke!
Natasha claws you but does no damage.
Your crimson imp blinks!
You miss Natasha. Your grab misses Natasha.
Natasha is lightly wounded.
Natasha claws you!
* * * LOW HITPOINT WARNING * * *
Natasha barely misses you.
Your crimson imp hits Natasha.
You hit Natasha but do no damage. Your grab misses Natasha.
You squeeze Natasha.
Natasha is heavily wounded.
Natasha claws you!
You die...

#.# #.# #.# #.# #### #.#
##### .....##.#####
#...#
..).........###...######
.....#5h.....'...'.....
...#.#@###.###...#.###.
. #...###5#######(####
#.#.........).......
#.#.###.#######'####
........# #.......
####.###.#####.......
#.###.#...........
#.#<#.#.....###...
#######.#.#.#..8..._...8


You could see Natasha and a friendly crimson imp (summoned).

Vanquished Creatures
  Natasha (D:2)
  2 adders (D:2)
  A worm (D:2)
  2 leopard geckos (D:2)
  2 giant cockroaches (D:2)
  5 goblins
  4 hobgoblins
  4 jackals (D:2)
  A quokka (D:2)
  2 bats
  A frilled lizard (D:1)
  3 kobolds
  6 rats
34 creatures vanquished.

Vanquished Creatures (others)
  2 fungi (D:2)
2 creatures vanquished.

Grand Total: 36 creatures vanquished

Notes
Turn   | Place    | Note
-------+----------+-------------------------------------------
     0 | D:1      | thiole the Octopode Hedge Wizard began the quest for the
                  | Orb.
     0 | D:1      | Reached XP level 1. HP: 11/11 MP: 4/4
   833 | D:2      | Reached XP level 2. HP: 17/17 MP: 3/6
  1091 | D:2      | Reached XP level 3. HP: 14/21 MP: 1/7
  1281 | D:2      | Found a hide-covered altar of Uskayaw.
  1308 | D:2      | Learned a level 2 spell: Call Imp
  1312 | D:2      | Learned a level 3 spell: Mephitic Cloud
  1653 | D:2      | Found a runed translucent door.
  1654 | D:2      | Noticed Crazy Yiuf
  2000 | D:2      | Noticed Natasha
  2001 | D:2      | Reached XP level 4. HP: 27/27 MP: 7/9
  2010 | D:2      | Killed Natasha
  2011 | D:2      | Reached skill level 1 in Air Magic
  2120 | D:2      | Noticed Natasha
  2136 | D:2      | Slain by Natasha

Illustrated notes

Levels and vault maps discovered:
D:1:      matt_arrival_refuge, layout_loops_ring
D:2:      layout_basic, eat_drink_and_be_merry_uskayaw, uniq_crazy_yiuf_cottage,
          uniq_natasha

Skill      XL: |  1  2  3  4 |
---------------+-------------+-----
Stealth        | 3 |  3.8
Summonings     | 2 |  2.0
Conjurations   | 2 |  2.0
Air Magic      | 1 |  1.1
Dodging        | |  2.0
Spellcasting   | |  3.5
Translocations | |  1.0

Action                   |  1- 3 |  4- 6 || total
-------------------------+-------+-------++-------
Melee: Dagger            |    27 |     6 ||    33
       Constrict         |     9 |     1 ||    10
       Tentacles         |     3 |     2 ||     5
 Cast: Magic Dart        |    74 |     2 ||    76
       Call Imp          |       |     1 ||     1
Armor: Skin              |     2 |     1 ||     3
Dodge: Dodged            |    23 |     3 ||    26
